 Dungeon Crawl Stone Soup version 0.15-a0-2198-g7f377d1 (webtiles) character file.

84 Jazzimus the Skirmisher (level 4, -9/25 HPs)
             Began as a Vine Stalker Berserker on July 23, 2014.
             Was a Believer of Trog.
             Mangled by an ogre
             ... wielding a +0 giant spiked club
              (16 damage)
             ... on Level 4 of the Dungeon.
             The game lasted 00:04:20 (1594 turns).

Jazzimus the Skirmisher (Vine Stalker Berserker)    Turns: 1594, Time: 00:04:21

HP  -9/25        AC  2     Str 19      XL: 4   Next: 46%
MP   0/5         EV 12     Int  8      God: Trog [**....]
Gold 37          SH  0     Dex 14      Spells:  0 memorised,  3 levels left

rFire  . . .     SeeInvis .     h - +3 dagger
rCold  . . .     Clarity  .     b - +0 animal skin
rNeg   . . .     rCorr    .     (no shield)
rPois  .         rRot     +     (no helmet)
rElec  .         Spirit   +     (no cloak)
SustAb .         Warding  .     (no gloves)
rMut   .         Stasis   .     (no boots)
Gourm  .                        (no amulet)
MR     .....                    (no ring)
                                (no ring)

@: not resistant to hostile enchantments, very unstealthy
A: fangs 2, regeneration 1, magic shield, antimagic bite, no device heal 3, rot
immunity
a: Burn Spellbooks, Berserk, Trog's Hand, Renounce Religion


You were on level 4 of the Dungeon.
You worshipped Trog.
Trog was pleased with you.
You were not hungry.

You visited 1 branch of the dungeon, and saw 4 of its levels.

You collected 37 gold pieces.

Inventory:

Hand weapons
 a - a +0 short sword
 h - a +3 dagger (weapon)
Missiles
 j - 6 javelins (quivered)
Armour
 b - a +0 animal skin (worn)
Comestibles
 c - 3 bread rations
Scrolls
 d - a scroll of identify
 e - 2 scrolls of remove curse {unknown}
 f - a scroll of recharging {unknown}
 g - a scroll of magic mapping
 i - a scroll of fear {unknown}
 k - a scroll of fog {unknown}


   Skills:
 + Level 3.8 Fighting
 + Level 3.7 Short Blades
 - Level 1.5 Armour
 - Level 1.5 Dodging


You had 3 spell levels left.
You didn't know any spells.

Dungeon Overview and Level Annotations

Branches:
Dungeon (4/15)
 Temple: D:4-7

Altars:


Innate Abilities, Weirdness & Mutations

You have extremely sharp teeth.
Your natural rate of healing is unusually fast.
When hurt, damage is shared between your health and your magic reserves.
Your bite disrupts and absorbs the magic of your enemies.
Potions and wands cannot restore your health.
You are immune to rotting.


Message History

The ogre hits you with a giant spiked club.
Read which item? (? for menu, Esc to quit)
As you read the scroll labeled SCHUMUKH ANAMU, it crumbles to dust.
It is a scroll of identify.
Identify which item? (\ to view known items) (? for menu, Esc to quit)
g - a scroll of magic mapping The ogre closely misses you.
You aren't carrying any potions.
Eat which item? (? for menu, Esc to quit)
Okay, then.
Eat which item? (? for menu, Esc to quit)
You continue eating.
The ogre closely misses you.
You continue eating.
The ogre hits you with a giant spiked club!
* * * LOW HITPOINT WARNING * * *
You continue eating.
The ogre hits you with a giant spiked club!!
Ouch! That really hurt!
You die...

#..###....>#
#........# ..#
##...<...####
#...#..##.......#
#.....#..####.##
# #..##....##
##.##.# #..
##....## #...#
...
##....####...# .
#.....O@...##
#....####...#
#.....# #.....#
#.###..# #..##...
..# ##.# ...# ##.
. #.. ...# ##.
.#.. . . ..


You could see an ogre.

Vanquished Creatures
  An orc wizard (D:4)
  A gnoll (D:1)
  2 worms (D:2)
  2 giant geckos (D:1)
  2 bats (D:1)
  7 goblins
  7 hobgoblins
  6 kobolds
  A quokka (D:2)
  A giant cockroach (D:2)
  2 giant newts (D:1)
  4 jackals (D:2)
  3 rats
39 creatures vanquished.

Vanquished Creatures (others)
  An adder (D:2)
  A bat (D:2)
  2 giant spores (D:2)
4 creatures vanquished.

Grand Total: 43 creatures vanquished

Notes
Turn   | Place    | Note
--------------------------------------------------------------
     0 | D:1      | Jazzimus, the Vine Stalker Berserker, began the quest for the Orb.
     0 | D:1      | Reached XP level 1. HP: 11/11 MP: 1/1
   169 | D:1      | Reached skill level 3 in Fighting
   169 | D:1      | Reached XP level 2. HP: 16/16 MP: 3/3
   320 | D:1      | Reached XP level 3. HP: 17/20 MP: 2/4
   571 | D:2      | Acquired Trog's second power
  1084 | D:2      | Reached XP level 4. HP: 21/25 MP: 5/5
  1521 | D:3      | HP: 1/25 [orc wizard/dagger (6)]
  1523 | D:4      | Noticed an ogre
  1594 | D:4      | Mangled by an ogre

Action                   |  1- 3 |  4- 6 || total
-------------------------+-------+-------++-------
Melee: Short sword       |    55 |       ||    55
       Dagger            |    47 |    11 ||    58
Invok: Berserk           |     1 |       ||     1
  Use: Potion            |     1 |       ||     1
       Scroll            |       |     1 ||     1
  Eat: Chunk             |     1 |       ||     1
       Meat ration       |       |     1 ||     1
